 Dungeon Crawl Stone Soup version 0.30.0-16-gbe6223bb7e (webtiles) character file.

Game seed: 12471899011971118233

2 browni3141 the Caller (level 1, -1/13 HPs)
             Began as a Mummy Summoner on May 20, 2023.
             Slain by a jackal (2 damage)
             ... on level 1 of the Dungeon.
             The game lasted 00:00:36 (103 turns).

browni3141 the Caller (Mummy Summoner)               Turns: 103, Time: 00:00:36

Health: -1/13      AC:  2    Str: 11    XL:     1   Next: 33%
Magic:  1/4        EV: 12    Int: 14    God:
Gold:   4          SH:  0    Dex: 12    Spells: 5/6 levels left

rFire   x . .        (no weapon)
rCold   + . .        (no shield)
rNeg    + + +        a - +0 robe
rPois   ∞            (no helmet)
rElec   .            (no cloak)
rCorr   .            (no gloves)
SInv    .            (no boots)
Will    .....        (no amulet)
Stlth   ++           (no ring)
HPRegen 0.22/turn    (no ring)
MPRegen 0.09/turn

%: faith
@: no status effects
A: cold resistance 1, negative energy resistance 3, torment resistance 2, heat
vulnerability 1, no potions, faith
a: no special abilities


You were on level 1 of the Dungeon.
You visited 1 branch of the dungeon, and saw 1 of its levels.

You collected 4 gold pieces.

Inventory:

Armour
 a - a +0 robe (worn)


   Skills:
 - Level 1.5 Dodging
 - Level 1.5 Stealth
 + Level 3.0 Spellcasting
 - Level 3.2 Summonings


You had 5 spell levels left.
You knew the following spells:

 Your Spells              Type           Power      Damage    Failure   Level
z - Summon Small Mammal   Summ           44%        N/A       5%          1

Your spell library contained the following spells:

 Spells                   Type           Power      Damage    Failure   Level
 Call Imp                 Summ           22%        N/A       9%          2
 Call Canine Familiar     Summ           11%        N/A       17%         3
 Summon Guardian Golem    Hex/Summ       6%         N/A       32%         3
 Summon Lightning Spire   Summ/Air       6%         N/A       73%         4


Dungeon Overview and Level Annotations

Branches:
Dungeon (1/15)

Altars:


Innate Abilities, Weirdness & Mutations

You are immune to poison.
Your flesh is cold resistant. (rC+)
You are immune to negative energy. (rN+++)
You are immune to unholy pain and torment.
You are vulnerable to heat. (rF-)
You do not drink.
You have a special connection with the divine. (Faith)


Message History

The jackal barely misses you.
Your bat hits the jackal but does no damage.
The jackal barely misses you. The jackal misses your bat.
Your bat barely misses the jackal.
Your bat hits the jackal but does no damage.
The jackal completely misses you.
Your bat closely misses the jackal.
You hit the jackal.
The jackal is moderately wounded.
The bat hits your bat but does no damage.
Your bat misses the bat.
The bat hits your rat but does no damage.
Your bat hits the jackal. The jackal bites you. The jackal misses you.
Your rat closely misses the bat.
Your bat barely misses the jackal.
The jackal attacks as you move away! The jackal closely misses you.
The jackal barely misses something.
The jackal closely misses you. The jackal attacks as you move away!
The jackal bites you but does no damage. x2
The jackal closely misses you. The jackal barely misses your rat.
Your rat misses the jackal. You barely miss the jackal.
Your bat closely misses the jackal.
The jackal closely misses your rat.
Your rat barely misses the jackal.
You barely miss the jackal.
The jackal bites your rat but does no damage.
The jackal bites your rat.
Your rat barely misses the jackal.
You hit the jackal.
The jackal is moderately wounded.
Your bat hits the jackal but does no damage.
The jackal misses you.
Your rat bites the jackal.
You closely miss the jackal.
The jackal is almost dead.
Your bat hits the jackal but does no damage.
The jackal bites you.
Your rat barely misses the jackal.
You hit the jackal.
You kill the jackal!
Your bat misses the jackal. The jackal bites your rat.
Your rat misses the jackal.
Your Spellcasting skill increases to level 3!
You completely miss the jackal. The jackal closely misses you.
Your rat closely misses the jackal.
Your bat barely misses the jackal.
You hit the jackal.
The jackal is moderately wounded.
Your bat hits the jackal. x2; The jackal closely misses you.
Your rat closely misses the jackal.
The jackal bites your rat.
Your rat dies!
Your rat's corpse disappears in a puff of smoke!
Casting: Summon Small Mammal (safe; 5% risk of failure)
Press: ? - help, Q - select action Dir - look around, f - activate Your bat hits the jackal but does no damage.
The jackal attacks as you move away! The jackal barely misses you.
The jackal misses your bat.
Your bat closely misses the jackal.
The jackal closely misses your bat.
Your bat hits the jackal but does no damage.
The jackal misses your bat. The jackal barely misses your bat.
Your bat misses the jackal.
There is a huge open gate here.
Your bat closely misses the jackal.
The jackal closely misses your bat.
You close the huge gate.
You start resting.
Magic restored.
You open the huge gate.
Casting: Summon Small Mammal (safe; 5% risk of failure)
Press: ? - help, Q - select action Dir - look around, f - activate
Casting: Summon Small Mammal (safe; 5% risk of failure)
Press: ? - help, Q - select action Dir - look around, f - activate The jackal bites you.
The jackal bites your rat.
Your rat dies!
Your rat's corpse disappears in a puff of smoke!
The jackal bites your rat.
Your rat dies!
Your rat's corpse disappears in a puff of smoke!
The jackal closely misses you.
The jackal bites you but does no damage.
You hit the jackal.
The jackal is moderately wounded.
The jackal closely misses you. The jackal barely misses you.
The jackal bites you. The jackal barely misses you. The jackal bites you.
The jackal bites you but does no damage.
Casting: Summon Small Mammal (safe; 5% risk of failure)
Press: ? - help, Q - select action Dir - look around, f - activate The jackal barely misses you.
The jackal bites you but does no damage.
The jackal closely misses you. x2
You hit the jackal but do no damage.
The jackal is moderately wounded.
Your bat barely misses the jackal.
The jackal bites you. The jackal barely misses you. The jackal bites you.
* * * LOW HITPOINT WARNING * * *
The jackal closely misses you. The jackal bites you.
* * * LOW HITPOINT WARNING * * *
You closely miss the jackal.
The jackal is moderately wounded.
Your bat misses the jackal. The jackal bites you.
* * * LOW HITPOINT WARNING * * *
The jackal bites you.
* * * LOW HITPOINT WARNING * * *
The jackal misses you. x2; The jackal closely misses you.
The jackal barely misses you. The jackal closely misses you. x2
The jackal bites you.
You die...

#≈≈§§≈≈≈.≈≈≈≈≈≈≈
#≈≈≈≈.......≈≈≈≈
#≈≈...........≈≈
#≈≈............≈
#§.............≈
###..8.###.8..##
#K#...........#g
..#######'b'######
... #.h@h.......#
...##.hhh.......#
....###.......###...
......##'''''##.....
.#.................
...................
######h######..#
#h####....#
#h†.hhb.# #


You could see 5 jackals and a friendly bat (summoned).

Vanquished Creatures
  A jackal (D:1)
1 creature vanquished.

Vanquished Creatures (collateral kills)
  An endoplasm (D:1)
1 creature vanquished.

Grand Total: 2 creatures vanquished

Notes
Turn   | Place    | Note
-------+----------+-------------------------------------------
     0 | D:1      | browni3141 the Mummy Summoner began the quest for the Orb.
     0 | D:1      | Reached XP level 1. HP: 13/13 MP: 4/4
    69 | D:1      | Reached skill level 3 in Spellcasting
   103 | D:1      | Slain by a jackal

Illustrated notes

Levels and vault maps discovered:
D:1:      lordsloth_arrival_two_stooges, layout_rooms,
          hellmonk_ecumenical_altar_dog_temple, chequers_serial_rivers_micro_a

Skill      XL: |  1 |
---------------+----+-----
Spellcasting   | 3 |  3.0
Dodging        | |  1.5
Stealth        | |  1.5
Summonings     | |  3.2

Action                     || total
---------------------------++-------
  Melee: Unarmed           ||    14
   Cast: Summon Small Mamm ||     9
 Armour: Robe              ||     5
  Dodge: Dodged            ||    32
